Map: Cyber Forest LE

Players

ZipperTheFly - Winner!

  • Race: Terran Terran
  • Spawn Location: 11:00

NtStreamline

  • Race: Terran Terran
  • Spawn Location: 5:00

Event: 2019 WCS Spring

VOD

Have the link to the VOD?

Description

Time

  • Played on: May 17, 2019, 8:49 a.m.
  • Length: 4:49

All games in this series

Show
View Real Time Build Order
Export as new Build Order

ZipperTheFly Terran - Winner!

Build Orders: Gas First Reaper Expand 

Get SALT Encoding   

  12  0:01  SCV  
  13  0:13  SCV  
  14  0:17  Supply Depot  
  14  0:25  SCV  
  14  0:27  Refinery  
  15  0:38  SCV  
  16  0:45  Barracks  
  16  0:50  SCV  
  17  1:02  SCV  
  18  1:15  SCV  
  19  1:31  Reaper  
  21  1:34  Orbital Command  
  20  1:42  Command Center  
  20  1:53  Factory  
  20  1:59  SCV  
  21  2:07  Barracks Reactor  
  21  2:12  SCV  
  21  2:13  Supply Depot  
  22  2:24  SCV  
  22  2:25  Bunker  
  22  2:26  Refinery  
  23  2:40  SCV  
  23  2:43  Starport  
  24  2:45  Marine x2  
  24  2:48  Supply Depot  
  26  2:54  SCV  
  27  3:01  Factory Tech Lab  
  27  3:02  Marine  
  27  3:03  Marine  
  29  3:07  SCV  
  30  3:20  Marine  
  31  3:27  Siege Tank  
  34  3:37  Supply Depot  
  34  3:39  Marine x2  
  35  3:44  Supply Depot  
  35  3:49  Starport Tech Lab  
  35  3:53  SCV  
  35  3:54  Supply Depot  
  36  3:57  Marine x2  
  36  4:00  Siege Tank  
  44  4:28  Marine x2  
Show
View Real Time Build Order
Export as new Build Order

NtStreamline Terran 

Build Orders:  

Get SALT Encoding   

  12  0:00  SCV  
  13  0:12  SCV  
  14  0:17  Supply Depot  
  14  0:24  SCV  
  14  0:28  Refinery  
  15  0:48  Barracks  
  15  1:02  Barracks  
  15  1:08  Refinery  
  15  1:13  SCV  
  16  1:35  Barracks Tech Lab  
  16  1:44  Supply Depot  
  16  1:49  Barracks Tech Lab  
  16  1:53  Marauder  
  18  1:56  Concussive Shells  
  18  2:10  Marauder  
  20  2:20  Marauder  
  22  2:40  Marauder  
  22  2:44  Marauder  
  26  2:52  Supply Depot  
  26  3:07  Marauder  
  28  3:19  Marauder  
  26  3:30  Marauder  
  26  3:31  SCV  
  27  3:42  Marauder  
  29  3:52  Marauder  
  31  4:04  Marauder  
  32  4:15  Marauder  
  32  4:25  Marauder  
Tags
 
Add a new tag
Caveats
  • Supply blocks, unpowered buildings, or Contaminate may cause inaccurate times.
  • Supply counts are checked every 10 seconds.